 Dungeon Crawl Stone Soup version 0.31-a0-152-g6aa68a64a1 (webtiles) character file.

Game seed: 10071003588398473803

41 Moral the Gusty (level 3, -1/30 HPs)
             Began as a Naga Air Elementalist on June 11, 2023.
             Slain by a goblin
             ... wielding a +0 dagger
             ... led by Robin
              (4 damage)
             ... on level 2 of the Dungeon.
             The game lasted 00:06:41 (1101 turns).

Moral the Gusty (Naga Air Elementalist)             Turns: 1101, Time: 00:06:42

Health: -1/30      AC:  2    Str: 10    XL:     3   Next: 52%
Magic:  1/6        EV: 10    Int: 17    God:
Gold:   115        SH:  5    Dex: 11    Spells: 3/6 levels left

rFire   . . .        c - +2 hand axe (venom)
rCold   . . .        (no shield)
rNeg    . . .        a - +0 robe
rPois   +            (no helmet)
rElec   .            (no cloak)
rCorr   .            (no gloves)
SInv    +            (no barding)
Will    .....        g - amulet of reflection
Stlth   ++           h - ring of see invisible
HPRegen 0.25/turn    (no ring)
MPRegen 0.10/turn

%: reflection
@: very slightly contaminated, very slow
A: AC +1, large, see invisible, deformed body, poison resistance, slowness 2,
spit poison 1, naga tail 1
a: Spit Poison


You were on level 2 of the Dungeon.
You visited 1 branch of the dungeon, and saw 2 of its levels.

You collected 115 gold pieces.

Inventory:

Hand Weapons
 c - a +2 hand axe of venom (weapon)
Missiles
 e - 4 atropa-tipped darts
Armour
 a - a +0 robe (worn)
Jewellery
 g - an amulet of reflection (around neck)
 h - a ring of see invisible (left hand)


   Skills:
 + Level 0.9 Fighting
 * Level 0.7 Axes
 + Level 1.8 Dodging
 + Level 3.4 Stealth
 + Level 2.1 Spellcasting
 + Level 1.1 Conjurations
 * Level 3.6 Air Magic


You had 3 spell levels left.
You knew the following spells:

 Your Spells              Type           Power      Damage    Failure   Level
a - Shock                 Conj/Air       36%        1d5       8%          1
b - Static Discharge      Conj/Air       18%        2-3/arc   11%         2

Your spell library contained the following spells:

 Spells                   Type           Power      Damage    Failure   Level
 Swiftness                Air            14%        N/A       13%         3
 Vhi's Electric Charge    Tloc/Air       16%        N/A       26%         3
 Airstrike                Air            7%         2d(1-17)  38%         4
 Arcjolt                  Conj/Air       4%         1d14      90%         5
 Plasma Beam              Fire/Air       4%         2x1d14    100%        6


Dungeon Overview and Level Annotations

Branches:
Dungeon (2/15)

Altars:

Annotations:
D:2 Robin, Sigmund


Innate Abilities, Weirdness & Mutations

Your serpentine skin is tough. (AC +1)
You have supernaturally acute eyesight. (SInv)
Armour fits poorly on your strangely shaped body.
Your system is resistant to poisons. (rPois)
You cover ground very slowly.
You can spit poison.
You have a snake-like lower body.


Message History

Casting: Static Discharge (safe; 11% risk of failure)
Confirm with . or Enter, or press ? or * to list all spells.
The goblin is struck by an arc of lightning.
The goblin is heavily wounded.
You are struck by an arc of lightning.
The goblin is struck by an arc of lightning.
You kill the goblin!
You are struck by an arc of lightning.
* * * LOW HITPOINT WARNING * * *
The lightning grounds out.
The goblin hits you with a +0 club.
* * * LOW HITPOINT WARNING * * *
Casting: Static Discharge (safe; 11% risk of failure)
Confirm with . or Enter, or press ? or * to list all spells.
Aiming: Shock (safe; 8% risk of failure)
Press: ? - help, Shift-Dir - straight line, f - goblin
Aim: a goblin, wielding a +0 club (strong, 60% to hit)
The zap misses the goblin.
The zap misses the hobgoblin.
The zap hits the goblin.
The goblin is severely wounded.
The zap hits the goblin.
You kill the goblin!
The goblin closely misses you. Robin throws the goblin at you!
Casting: Shock (safe; 8% risk of failure)
Confirm with . or Enter, or press ? or * to list all spells.
You don't know that spell.
Casting: Shock (safe; 8% risk of failure)
Confirm with . or Enter, or press ? or * to list all spells.
Okay, then.
Casting: Shock (safe; 8% risk of failure)
Confirm with . or Enter, or press ? or * to list all spells.
Aiming: Shock (safe; 8% risk of failure)
Press: ? - help, Shift-Dir - straight line, f - Robin
Aim: Robin, wielding a +2 short sword of draining, wearing a +0 animal skin, wearing a +0 helmet and carrying a wand of polymorph (6) (77% to hit)
The zap hits the goblin.
You kill the goblin!
The zap hits the hobgoblin.
You kill the hobgoblin!
The zap misses the goblin.
The zap misses Robin.
The goblin hits you with a +0 dagger.
You die...

#.....#.#####
#...........#
####'##.###.#
#.##.# #.#
#.##.###.#
#.##...#.#
#.####.#.#
#g# #.#.# #@#
#...# #)##
###.### #†g#
#...#####
#.g#
#.#.....#
#)g#
#.#.###.#
#..#
#.#÷..#.###
#..#
#.#.#.....#
#..#
#.#.###....
#..# #.#.#
#####


You could see Robin, a hobgoblin (strong) and 2 goblins.

Vanquished Creatures
  An adder (D:2)
  4 giant cockroaches
  5 hobgoblins
  A quokka (D:1)
  3 ball pythons (D:1)
  2 bats
  8 goblins
  2 kobolds (D:1)
  4 rats
30 creatures vanquished.

Notes
Turn   | Place    | Note
-------+----------+-------------------------------------------
     0 | D:1      | Moral the Naga Air Elementalist began the quest for the
                  | Orb.
     0 | D:1      | Reached XP level 1. HP: 15/15 MP: 3/3
   166 | D:1      | Reached XP level 2. HP: 19/22 MP: 5/5
   442 | D:1      | Learned a level 2 spell: Static Discharge
   800 | D:2      | Reached XP level 3. HP: 28/28 MP: 6/6
   888 | D:2      | Noticed Sigmund
  1091 | D:2      | Noticed Robin
  1101 | D:2      | Slain by a goblin

Illustrated notes

Levels and vault maps discovered:
D:1:      lightli_arrival_boilingwater, layout_rooms
D:2:      layout_basic, nicolae_hexahallways, uniq_sigmund, uniq_robin

Action                     || total
---------------------------++-------
  Melee: Hand axe          ||    30
  Throw: Dart              ||     2
   Cast: Shock             ||    18
         Static Discharge  ||     6
Ability: Spit Poison       ||     2
    Use: Scroll            ||     2
         Potion            ||     1
   Stab: Sleeping          ||     2
 Armour: Robe              ||    16
  Dodge: Dodged            ||    30
  Block: Other             ||     3

Table legend: (Time is in decaauts)
 A = Elapsed time spent in this place.
 B = Non-inter-level travel time spent in this place.
 C = Inter-level travel time spent in this place.
 D = Time resting spent in this place.
 E = Time spent auto-exploring this place.
 F = Levels seen in this place.
 G = Mean time per level.
                   A        B        C        D        E       F      G
               +--------+--------+--------+--------+--------+-----+--------+
         Total |   1392 |   1392 |      0 |    142 |    921 |   2 |  696.0 |
       Dungeon |   1392 |   1392 |      0 |    142 |    921 |   2 |  696.0 |
               +--------+--------+--------+--------+--------+-----+--------+

Top non-repeatable levels by time:
     D:1: 770 daAuts
     D:2: 622 daAuts
